 Dungeon Crawl Stone Soup version 0.21.1-1-g345015fe64 (webtiles) character file.

62 Ivernyr the Charmwright (level 3, -3/28 HPs)
             Began as a Demonspawn Skald on Apr 25, 2018.
             Slain by a water moccasin zombie (5 damage)
             ... on level 2 of the Dungeon.
             The game lasted 00:04:25 (1570 turns).

Ivernyr the Charmwright (Demonspawn Skald)          Turns: 1570, Time: 00:04:26

Health: -3/28      AC:  5    Str: 11    XL:     3   Next: 85%
Magic:  1/6        EV: 12    Int: 14    God:
Gold:   117        SH:  0    Dex: 13    Spells: 1/6 levels left

rFire    . . .     SeeInvis .   a - +0 falchion
rCold    . . .     Gourm    .   (no shield)
rNeg     . . .     Faith    .   b - +0 leather armour
rPois    .         Spirit   .   (no helmet)
rElec    .         Reflect  .   j - +0 cloak
rCorr    .         Harm     .   h - +0 pair of gloves
MR       .....                  (no boots)
Stlth    +.........             (no amulet)
HPRegen  0.09/turn              (no ring)
MPRegen  0.10/turn              (no ring)

@: no status effects
A: sturdy frame 1
a: no special abilities


You were on level 2 of the Dungeon.
You were not hungry.

You visited 1 branch of the dungeon, and saw 2 of its levels.

You collected 117 gold pieces.

Inventory:

Hand Weapons
 a - a +0 falchion (weapon)
Armour
 b - a +0 leather armour (worn)
 f - a +0 buckler
 h - a +0 pair of gloves (worn)
 j - a +0 cloak (worn)
Scrolls
 e - 2 scrolls of identify {unknown}
 i - a scroll of enchant armour {unknown}
 k - a scroll of enchant weapon {unknown}
Books
 c - a book of Battle

   Spells                             Type                      Level
   a - Infusion                       Charms                       1
   b - Shroud of Golubria             Charms/Translocation         2
   c - Song of Slaying                Charms                       2
   d - Spectral Weapon                Hexes/Charms                 3
   e - Regeneration                   Charms/Necromancy            3
Comestibles
 d - 4 rations


   Skills:
 + Level 2.6 Fighting
 - Level 1.7 Long Blades
 * Level 2.3 Armour
 - Level 1.7 Dodging
 + Level 0.3 Shields
 - Level 2.0 Spellcasting
 + Level 3.2 Charms


You had one spell level left.
You knew the following spells:

 Your Spells              Type           Power        Failure   Level  Hunger
a - Shroud of Golubria    Chrm/Tloc      #.........   19%         2    ###....
b - Song of Slaying       Chrm           ##......     10%         2    ###....
c - Infusion              Chrm           ##..         7%          1    ##.....


Dungeon Overview and Level Annotations

Branches:
Dungeon (2/15)

Altars:
Cheibriados
Wu Jian


Innate Abilities, Weirdness & Mutations

Your movements are slightly less encumbered by armour. (ER -2)


Message History

You slash the water moccasin zombie!
The water moccasin zombie is almost destroyed.
The water moccasin zombie bites you but does no damage.
The water moccasin zombie closely misses you.
You closely miss the water moccasin zombie.
The water moccasin zombie is almost destroyed.
The water moccasin zombie bites you but does no damage.
You hit the water moccasin zombie.
The water moccasin zombie is almost destroyed.
The water moccasin zombie bites you.
* * * LOW HITPOINT WARNING * * *
The water moccasin zombie bites you but does no damage.
Your magical contamination has completely faded away.
You closely miss the water moccasin zombie.
The water moccasin zombie is almost destroyed.
The water moccasin zombie closely misses you.
You hit the water moccasin zombie but do no damage.
The water moccasin zombie is almost destroyed.
The water moccasin zombie bites you.
You die...

########### #.........#
#.#######.# #.# #.# #.#
#.#
#.#######.############
##
#.##.....KZ@.........##
#.
#.##.###[.##..........#
#. #.##.#
#.รท##########..# #.
#.##.# #.K# #..#####.
#.##.# #..# ##........
#.##.###..# #.........
#....K....# #.##.####.
#####.##.### #. #.####.
#######.(........ #.
#.##...


You could see a water moccasin zombie and a kobold.

Vanquished Creatures
  2 adders (D:2)
  A dart slug (D:1)
  A leopard gecko (D:2)
  A ball python (D:1)
  3 bats
  A giant cockroach (D:1)
  6 goblins
  3 hobgoblins
  5 jackals
  4 kobolds (D:1)
  2 frilled lizards (D:1)
  9 rats
38 creatures vanquished.

Notes
Turn   | Place    | Note
-------+----------+-------------------------------------------
     0 | D:1      | Ivernyr the Demonspawn Skald began the quest for the Orb.
     0 | D:1      | Reached XP level 1. HP: 16/16 MP: 3/3
    18 | D:1      | Reached skill level 1 in Armour
   302 | D:1      | Gained mutation: Your movements are slightly less encumbered by armour. (ER -2) [demonic ancestry]
   302 | D:1      | Reached XP level 2. HP: 22/22 MP: 5/5
   576 | D:1      | Learned a level 2 spell: Song of Slaying
   579 | D:1      | Learned a level 2 spell: Shroud of Golubria
   675 | D:1      | Reached skill level 3 in Charms
   915 | D:1      | Reached XP level 3. HP: 27/28 MP: 6/6
  1297 | D:2      | Found an ornate altar of the Wu Jian Council.
  1297 | D:2      | Found a snail-covered altar of Cheibriados.
  1570 | D:2      | Slain by a water moccasin zombie

Skill      XL: |  1  2 |
---------------+-------+-----
Armour         | 1 2 |  2.3
Charms         | 3 |  3.2
Fighting       | |  2.6
Long Blades    | |  1.7
Dodging        | |  1.7
Shields        | |  0.3
Spellcasting   | |  2.0

Action                   || total
-------------------------++-------
Melee: Falchion          ||   128
 Cast: Infusion          ||     1
       Shroud of Golubri ||     8
       Song of Slaying   ||     1
  Use: Potion            ||     2
  Eat: Chunk             ||     3
Armor: Leather armour    ||    54
Dodge: Dodged            ||   111
       Rpst.: Falchion   ||    34
